 Dungeon Crawl Stone Soup version 0.24-a0-549-g45f0056d81 (webtiles) character file.

Game seed: 7032348984358155410

10553 DasRunzen the Protected (level 11, -3/101 HPs)
             Began as a Minotaur Fighter on Aug 19, 2019.
             Was an Elder of Makhleb.
             Slain by an orc high priest
             ... wielding a +1 halberd of flaming
              (17 damage)
             ... on level 2 of the Orcish Mines.
             The game lasted 00:18:36 (7623 turns).

DasRunzen the Protected (Minotaur Fighter)          Turns: 7623, Time: 00:18:37

Health: -3/101     AC: 10    Str: 24    XL:     11   Next: 37%
Magic:  13/13      EV: 11    Int:  5    God:    Makhleb [****..]
Gold:   764        SH: 13    Dex: 13    Spells: 10/10 levels left

rFire    . . .     SeeInvis .   n - +5 broad axe (elec)
rCold    . . .     Gourm    .   c - +1 shield
rNeg     . . .     Faith    .   b - +0 scale mail
rPois    .         Spirit   .   (helmet restricted)
rElec    .         Reflect  .   q - +0 cloak
rCorr    .         Harm     .   (no gloves)
MR       .....                  (no boots)
Stlth    ..........             (no amulet)
HPRegen  0.26/turn              r - +3 ring of strength
MPRegen  0.13/turn              (no ring)

@: no status effects
A: retaliatory headbutt, horns 2, repulsion field 1, low mp 1, evolution 1
a: Minor Destruction, Lesser Servant of Makhleb, Major Destruction, Renounce
Religion


You were on level 2 of the Orcish Mines.
You worshipped Makhleb.
Makhleb was greatly pleased with you.
You were very hungry.

You visited 3 branches of the dungeon, and saw 12 of its levels.

You collected 764 gold pieces.

Inventory:

Hand Weapons
 n - a +5 broad axe of electrocution (weapon)
 A - a +1 long sword of flaming
Armour
 b - a +0 scale mail (worn)
 c - a +1 shield (worn)
 q - a +0 cloak (worn)
Jewellery
 r - a +3 ring of strength (left hand)
 t - an uncursed ring of stealth
 u - an uncursed ring of magical power {unknown}
Wands
 k - a wand of digging (9)
 x - a wand of iceblast (14)
 y - a wand of flame (18)
Scrolls
 a - a scroll of acquirement
 h - 4 scrolls of remove curse
 o - 3 scrolls of identify
 v - a scroll of magic mapping
 w - a scroll of fear
Potions
 d - a potion of might
 e - a potion of magic
 g - 3 potions of curing
 i - a potion of lignification
 j - 3 potions of brilliance
 l - 2 potions of haste
 m - 3 potions of flight
 p - a potion of cancellation {unknown}
 s - a potion of agility {unknown}
Comestibles
 f - 15 rations


   Skills:
 + Level 10.5 Fighting
 + Level 10.2 Axes
 + Level 10.6 Armour
 + Level 10.6 Shields
 + Level 6.8 Invocations


You had 10 spell levels left.
You didn't know any spells.
Your spell library contained the following spells:

 Spells                   Type           Power        Failure   Level  Hunger
 Animate Skeleton         Necr           N/A          89%         1    ##.....
 Flame Tongue             Conj/Fire      #....        89%         1    ##.....
 Magic Dart               Conj           #...         89%         1    ##.....
 Pain                     Necr           #...         89%         1    ##.....
 Blink                    Tloc           N/A          96%         2    ###....
 Call Imp                 Summ           #.......     96%         2    ###....
 Searing Ray              Conj           #.....       96%         2    ###....
 Slow                     Hex            #.......     96%         2    ###....
 Throw Flame              Conj/Fire      #.....       96%         2    ###....
 Conjure Flame            Conj/Fire      #.......     99%         3    ####...
 Dazzling Spray           Conj/Hex       #.....       99%         3    ####...
 Inner Flame              Hex/Fire       #.......     99%         3    ####...
 Mephitic Cloud           Conj/Pois/Air  #.......     99%         3    ####...
 Regeneration             Chrm/Necr      #.........   99%         3    ####...
 Vampiric Draining        Necr           #.........   99%         3    ####...
 Animate Dead             Necr           N/A          100%        4    #####..
 Force Lance              Conj/Tloc      #.......     100%        4    #####..
 Fulminant Prism          Conj/Hex       #.........   100%        4    #####..
 Iskenderun's Mystic Bla  Conj           #.......     100%        4    #####..
 Sticky Flame             Conj/Fire      #.......     100%        4    #####..
 Fireball                 Conj/Fire      #.........   100%        5    ######.


Dungeon Overview and Level Annotations

Branches:
Dungeon (9/15)             Temple (1/1) D:5             Orc (2/2) D:9
   Lair: D:8-11         Elf: Orc:2

Altars:
Ashenzari
Cheibriados
Dithmenos
Elyvilon
Fedhas
Gozag
Hepliaklqana
Kikubaaqudgha
Makhleb
Nemelex Xobeh
Okawaru
Qazlal
Ru
Sif Muna
Trog
Uskayaw
Vehumet
Wu Jian
Xom
Yredelemnul
Zin
The Shining One
Lugonu

Annotations:
D:8 exclusion: oklob plant


Innate Abilities, Weirdness & Mutations

You reflexively headbutt those who attack you in melee.
You have a pair of horns on your head.
You are surrounded by a mild repulsion field. (EV +2)
Your magical capacity is low. (-10% MP)
You evolve.


Message History

Your shield and scale mail prevent you from hitting the orc.
The orc warrior hits you with a +0 war axe!!
The orc hits you but does no damage.
Unknown command.
You are too injured to fight recklessly!
You are too injured to fight recklessly!
Unknown command.
Unknown command.
You are too injured to fight recklessly!
You are too injured to fight recklessly!
Unknown command.
An orc warrior comes into view. It is wielding a +0 long sword.
Unknown command.
You block the orc high priest's attack. The warg bites you.
The orc high priest hits you with a +1 halberd of flaming!!
* * * LOW HITPOINT WARNING * * *
The orc high priest burns you.
* * * LOW HITPOINT WARNING * * *
The orc high priest hits you from afar with a +1 halberd of flaming!
You die...

...#.#..........
#.....#............
...................
...................
........o).........
.......#.)<))......
......#..o)o)......
.....#..oooo†......
.......@Oh....#...$
...................
...................
................#..
................# .
..................
$.................
.................


You could see an orc high priest, a warg, 3 orc warriors, an ogre, an orc wizard
and 2 orcs.

Vanquished Creatures
  Erolcha (Orc:2)
  Pikel (D:4)
  2 orc knights
  A deep elf mage (D:9)
  A cyclops (D:9)
  Psyche (D:8)
  A troll (D:9)
  Prince Ribbit (D:6)
  Grinder (D:6)
  3 yaks (D:9)
  2 wargs (Orc:2)
  12 orc warriors
  4 ice beasts
  A sky beast (D:8)
  2 phantoms
  A black bear (D:7)
  7 centaurs
  6 ogres
  2 big kobolds
  5 bullfrogs
  Blork the orc (D:4)
  2 water moccasin skeletons (D:5)
  A scorpion (D:9)
  4 killer bees (D:9)
  4 howler monkeys
  A bullfrog zombie (D:5)
  7 crimson imps
  A quasit (D:9)
  3 centaur skeletons
  A centaur zombie (D:7)
  5 hounds
  Crazy Yiuf (D:6)
  8 orc priests
  A bullfrog skeleton (D:8)
  20 orc wizards
  2 iguanas
  Ijyb (D:3)
  5 worker ants
  A killer bee zombie (D:7)
  2 hound skeletons
  A howler monkey zombie (D:7)
  A worker ant zombie (D:9)
  7 gnolls
  6 adders
  A shadow imp (D:6)
  3 oozes
  An adder zombie (D:4)
  5 worms
  3 dart slugs (D:1)
  4 leopard geckos
  42 orcs
  4 bats
  4 giant cockroaches
  6 goblins
  6 hobgoblins
  9 jackals
  11 kobolds
  2 quokkas (D:4)
  A ball python (D:3)
  2 frilled lizards
  10 rats
255 creatures vanquished.

Vanquished Creatures (others)
  A rat (D:3)
  5 toadstools (D:1)
6 creatures vanquished.

Grand Total: 261 creatures vanquished

Notes
Turn   | Place    | Note
-------+----------+-------------------------------------------
     0 | D:1      | DasRunzen the Minotaur Fighter began the quest for the Orb.
     0 | D:1      | Reached XP level 1. HP: 19/19 MP: 0/0
    57 | D:1      | Reached XP level 2. HP: 23/27 MP: 1/1
   386 | D:2      | Found a glowing silver altar of Zin.
   504 | D:2      | Reached XP level 3. HP: 33/33 MP: 2/2
   825 | D:2      | Found a shimmering blue altar of Sif Muna.
  1369 | D:3      | Reached XP level 4. HP: 30/40 MP: 3/3
  1396 | D:3      | Found a white marble altar of Elyvilon.
  1402 | D:3      | Noticed Ijyb
  1427 | D:3      | Killed Ijyb
  2073 | D:3      | Found a sparkling altar of Nemelex Xobeh.
  2074 | D:3      | Found an opulent altar of Gozag.
  2117 | D:3      | Reached XP level 5. HP: 26/47 MP: 4/4
  2482 | D:4      | Noticed a slave
  2482 | D:4      | Noticed a slave
  2483 | D:4      | Noticed Pikel
  2483 | D:4      | Noticed a slave
  2483 | D:4      | Noticed a slave
  2483 | D:4      | Noticed a phantom
  2503 | D:4      | Killed Pikel
  2503 | D:4      | Reached skill level 5 in Fighting
  2503 | D:4      | Reached skill level 5 in Axes
  2503 | D:4      | Reached XP level 6. HP: 36/57 MP: 5/5
  2503 | D:4      | Reached XP level 7. HP: 39/62 MP: 6/6
  2623 | D:4      | Noticed Blork the orc
  2624 | D:4      | Noticed a moth of wrath
  2630 | D:4      | Killed Blork the orc
  2642 | D:4      | Found a bloodstained altar of Trog.
  2765 | D:5      | Entered Level 5 of the Dungeon
  2857 | D:5      | Reached XP level 8. HP: 56/71 MP: 7/7
  2869 | D:5      | Found a shattered altar of Ashenzari.
  2923 | D:5      | Found a staircase to the Ecumenical Temple.
  2969 | Temple   | Entered the Ecumenical Temple
  3006 | Temple   | Became a worshipper of Makhleb the Destroyer
  3080 | D:5      | Found a hazy altar of Hepliaklqana.
  3191 | D:5      | Found a shadowy altar of Dithmenos.
  3266 | D:5      | Reached skill level 1 in Invocations
  3561 | D:5      | Found an ornate altar of the Wu Jian Council.
  3582 | D:5      | Found a glowing golden altar of the Shining One.
  3848 | D:5      | Gained mutation: You evolve. [potion of mutation]
  3848 | D:5      | Gained mutation: Your magical capacity is low. (-10% MP)
                  | [potion of mutation]
  3848 | D:5      | Gained mutation: You are surrounded by a mild repulsion
                  | field. (EV +2) [potion of mutation]
  3850 | D:5      | Identified a scroll of acquirement
  3919 | D:6      | Noticed Grinder
  3924 | D:6      | Killed Grinder
  4019 | D:6      | Noticed Prince Ribbit
  4026 | D:6      | Reached * piety under Makhleb
  4035 | D:6      | Killed Prince Ribbit
  4035 | D:6      | Reached XP level 9. HP: 80/80 MP: 7/9
  4093 | D:6      | Found a sacrificial altar of Ru.
  4203 | D:6      | Found a runed translucent door.
  4204 | D:6      | Noticed Crazy Yiuf
  4427 | D:6      | Killed Crazy Yiuf
  4555 | D:7      | Found a basalt altar of Yredelemnul.
  4641 | D:7      | Reached ** piety under Makhleb
  4840 | D:7      | Found an iron altar of Okawaru.
  5171 | D:8      | Found a blossoming altar of Fedhas.
  5185 | D:8      | Noticed an oklob plant
  5298 | D:8      | Noticed Psyche
  5306 | D:8      | Killed Psyche
  5306 | D:8      | Reached XP level 10. HP: 79/90 MP: 11/11
  5509 | D:8      | Reached skill level 5 in Invocations
  6511 | D:9      | Found a staircase to the Orcish Mines.
  6513 | D:9      | Reached *** piety under Makhleb
  6605 | D:9      | Noticed a deep elf mage
  6609 | D:9      | Killed a deep elf mage
  6666 | D:9      | Reached skill level 10 in Armour
  6669 | D:9      | Reached skill level 10 in Shields
  6709 | D:9      | Noticed a cyclops
  6713 | D:9      | Killed a cyclops
  6713 | D:9      | Reached skill level 10 in Fighting
  7184 | D:9      | Found an ancient bone altar of Kikubaaqudgha.
  7226 | Orc:1    | Entered Level 1 of the Orcish Mines
  7226 | Orc:1    | Noticed an orc knight
  7236 | D:9      | Reached XP level 11. HP: 35/99 MP: 13/13
  7241 | D:9      | Killed an orc knight
  7590 | Orc:2    | Entered Level 2 of the Orcish Mines
  7590 | Orc:2    | Noticed Erolcha
  7601 | Orc:2    | Reached skill level 10 in Axes
  7605 | Orc:2    | Noticed an orc high priest
  7605 | Orc:2    | Noticed an orc knight
  7607 | Orc:2    | Killed Erolcha
  7608 | Orc:2    | Reached **** piety under Makhleb
  7617 | Orc:2    | Killed an orc knight
  7623 | Orc:2    | Slain by an orc high priest

Levels and vault maps discovered:
D:1:      ldierk_walled_garden, layout_rooms
D:2:      layout_basic, lemuel_crystal_altar, lemuel_round_altar
D:3:      layout_basic, grunt_temple_overflow_opulence, elyvilon_altar_3,
          hangedman_decor_slide_cut, uniq_ijyb
D:4:      layout_rooms, tgw_trog, first_ration, uniq_blork_the_orc, uniq_pikel
D:5:      layout_cave_pods, nicolae_overflow_quartered_altars,
          old_standard_altar, minmay_temple_entry_overgrown,
          grunt_decor_resistance
D:6:      layout_layer_cave, nicolae_ru_sacrificial_ziggurat,
          uniq_prince_ribbit1, uniq_grinder, uniq_crazy_yiuf_cottage
D:7:      layout_cave_pools, kennysheep_little_box,
          nicolae_overflow_crystal_walls
D:8:      layout_loops_ring, tgw_fedhas, uniq_psyche
D:9:      layout_long_grid, lemuel_coloured_pillars_altar, orc_0_dummy
Temple:   corrupted_temple
Orc:1:    layout_caves, basic_altar, uniq_jorgrun
Orc:2:    grunt_orc_gardens, layout_caves, grunt_orc_garden, grunt_orc_garden,
          grunt_orc_garden, grunt_orc_garden, uniq_erolcha

Skill      XL: |  1  2  3  4  5  6  7  8  9 10 11 |
---------------+----------------------------------+-----
Armour         | 4 6 7 9 10 | 10.6
Shields        | 4 6 7 9 10 | 10.6
Fighting       | 4 5 6 7 8 10 | 10.5
Axes           | 3 5 6 7 8 9 10 | 10.2
Invocations    | 2 4 6 |  6.8

Action                   |  1- 3 |  4- 6 |  7- 9 | 10-12 || total
-------------------------+-------+-------+-------+-------++-------
Melee: War axe           |    89 |    90 |    83 |       ||   262
       Headbutt          |     9 |    11 |    34 |    32 ||    86
       Broad axe         |       |       |   120 |   153 ||   273
  Use: Scroll            |    11 |     3 |     8 |       ||    22
       Potion            |       |       |     1 |       ||     1
  Eat: Chunk             |     1 |     4 |     8 |     8 ||    21
Armor: Scale mail        |    27 |    38 |    46 |    39 ||   150
Dodge: Dodged            |    18 |    36 |    67 |    58 ||   179
Block: Shield            |    54 |    55 |   135 |   122 ||   366

Table legend:
 A = Non-vault XP
 B = Vault XP
 C = Vault XP percentage of total XP
 D = Non-vault monster count
 E = Vault monster count
 F = Vault count percentage of total count
                 A         B        C        D         E       F
            +---------+---------+-------+---------+---------+-------
      Total |   11613 |    3463 |  23.0 |     241 |      14 |   5.5
            +---------+---------+-------+---------+---------+-------
        D:1 |      37 |       0 |   0.0 |      16 |       0 |   0.0
        D:2 |      30 |       0 |   0.0 |       8 |       0 |   0.0
        D:3 |     146 |      36 |  19.8 |      27 |       1 |   3.6
        D:4 |     165 |     754 |  82.0 |      11 |       7 |  38.9
        D:5 |     747 |       0 |   0.0 |      23 |       0 |   0.0
        D:6 |     882 |     587 |  40.0 |      22 |       3 |  12.0
        D:7 |    1551 |       0 |   0.0 |      37 |       0 |   0.0
        D:8 |    1555 |     439 |  22.0 |      22 |       1 |   4.3
        D:9 |    4908 |       0 |   0.0 |      47 |       0 |   0.0
      Orc:1 |     397 |       0 |   0.0 |      12 |       0 |   0.0
      Orc:2 |    1195 |    1647 |  58.0 |      16 |       2 |  11.1
            +---------+---------+-------+---------+---------+-------
